[ PARTIDA AOE2 · #505115837 ]
UnrankedPolacos vs Dravidians
Equipo del jugador · VICT
Equipo rival · DERR
[ ANÁLISIS DE REPETICIÓN · EXTRAÍDO DE LA PARTIDA GRABADA ]
Feudal
9:25
Castillos
22:47
Imperial
38:56
| APM promedio | 51.5 |
| APM pico | 115 |
| eAPM promedio | 27.1 |
| Aldeanos / militares | 120 / 152 |
Foco
⚔️ 42.5% · 🌾 57.5%
Knight ×78 · Obuch ×24 · Skirmisher ×22 · Scout Cavalry ×17 · Militia ×3 · Trebuchet (Packed) ×3
Feudal
11:05
Castillos
22:12
Imperial
40:46
| APM promedio | 55.3 |
| APM pico | 106 |
| eAPM promedio | 30.9 |
| Aldeanos / militares | 159 / 191 |
Foco
⚔️ 39.3% · 🌾 60.7%
Spearman ×76 · Archer ×41 · Militia ×18 · Skirmisher ×17 · Urumi Swordsman ×16 · Battle Elephant ×10
Mapa de la partida
Recursos iniciales + cada clic de construcción. Líneas = muros · curvas = relieve. ◆ oro · ⬟ piedra · ● bayas · ✦ reliquia · ◌ hueco del cierre
Tu base· Abierta — hueco de 4t
Base de Maty· Abierta — hueco de 6t
Terreno inicial suavizado · ◌ = hueco del cierre detectado · pasá el cursor para detalles
Inputs por minuto
— Buchi - - Maty
Build order — Buchi
Primeras 150 de 455 acciones detectadas
| 0:00 | Crear | Villager (Male) |
| 0:00 | Crear | Villager (Male) |
| 0:01 | Construir | House |
| 0:02 | Construir | House |
| 0:08 | Crear | Villager (Male) |
| 0:08 | Crear | Villager (Male) |
| 1:23 | Crear | Villager (Male) |
| 1:59 | Crear | Villager (Male) |
| 2:15 | Construir | Lumber Camp |
| 2:22 | Crear | Villager (Male) |
| 2:50 | Crear | Villager (Male) |
| 3:13 | Crear | Villager (Male) |
| 3:23 | Construir | House |
| 3:37 | Crear | Villager (Male) |
| 3:53 | Crear | Villager (Male) |
| 4:14 | Crear | Villager (Male) |
| 4:37 | Construir | Mill |
| 4:48 | Crear | Villager (Male) |
| 5:12 | Crear | Villager (Male) |
| 5:46 | Investigar | Loom |
| 5:50 | Crear | Villager (Male) |
| 6:00 | Investigar | Loom |
| 6:16 | Construir | Barracks |
| 6:34 | Crear | Villager (Male) |
| 6:49 | Construir | House |
| 7:15 | Investigar | Feudal Age |
| 7:15 | Investigar | Feudal Age |
| 7:39 | Crear | Militia |
| 7:39 | Crear | Militia |
| 7:52 | Construir | House |
| 7:54 | Construir | Palisade Wall |
| 7:55 | Construir | Palisade Wall |
| 7:55 | Construir | Palisade Wall |
| 7:55 | Construir | Palisade Wall |
| 8:01 | Crear | Militia |
| 8:13 | Construir | Palisade Wall |
| 8:14 | Construir | Palisade Wall |
| 8:16 | Construir | Palisade Wall |
| 8:19 | Construir | Palisade Wall |
| 8:20 | Construir | Palisade Wall |
| 8:21 | Construir | Palisade Wall |
| 8:21 | Construir | Palisade Wall |
| 8:21 | Construir | Palisade Wall |
| 8:22 | Construir | Palisade Wall |
| 8:22 | Construir | Palisade Wall |
| 8:32 | Construir | Palisade Wall |
| 9:15 | Crear | Villager (Male) |
| 9:23 | Construir | Mill |
| 9:25 | Edad | Edad Feudal |
| 9:29 | Crear | Villager (Male) |
| 9:31 | Crear | Spearman |
| 9:53 | Crear | Villager (Male) |
| 10:04 | Construir | Archery Range |
| 10:18 | Crear | Villager (Male) |
| 10:48 | Construir | Farm |
| 10:53 | Crear | Villager (Male) |
| 10:56 | Crear | Skirmisher |
| 11:00 | Construir | Mining Camp |
| 11:07 | Crear | Villager (Male) |
| 11:08 | Construir | Farm |
| 11:16 | Crear | Villager (Male) |
| 11:34 | Crear | Villager (Male) |
| 11:45 | Construir | Farm |
| 11:47 | Construir | House |
| 11:52 | Crear | Villager (Male) |
| 12:01 | Construir | Farm |
| 12:10 | Construir | Palisade Wall |
| 12:11 | Construir | Palisade Wall |
| 12:14 | Construir | Palisade Wall |
| 12:16 | Construir | House |
| 12:17 | Construir | Palisade Wall |
| 12:19 | Crear | Villager (Male) |
| 12:25 | Investigar | Double-Bit Axe |
| 12:25 | Investigar | Double-Bit Axe |
| 12:31 | Crear | Villager (Male) |
| 12:58 | Crear | Skirmisher |
| 12:58 | Crear | Skirmisher |
| 13:12 | Construir | Farm |
| 13:18 | Crear | Villager (Male) |
| 13:22 | Crear | Skirmisher |
| 13:41 | Crear | Villager (Male) |
| 13:49 | Construir | Blacksmith |
| 13:52 | Crear | Villager (Male) |
| 13:58 | Crear | Archer |
| 14:06 | Investigar | Horse Collar |
| 14:07 | Investigar | Horse Collar |
| 14:17 | Construir | House |
| 14:21 | Crear | Villager (Male) |
| 14:33 | Construir | House |
| 14:37 | Crear | Archer |
| 14:38 | Crear | Villager (Male) |
| 14:42 | Construir | Palisade Wall |
| 14:43 | Construir | Palisade Wall |
| 14:49 | Investigar | Fletching |
| 14:49 | Investigar | Fletching |
| 14:50 | Construir | House |
| 14:57 | Crear | Villager (Male) |
| 15:00 | Construir | House |
| 15:08 | Construir | Farm |
| 15:08 | Crear | Villager (Male) |
| 15:22 | Construir | Outpost |
| 15:25 | Construir | House |
| 15:38 | Construir | Lumber Camp |
| 15:51 | Construir | Farm |
| 16:10 | Crear | Villager (Male) |
| 16:13 | Construir | Farm |
| 16:22 | Crear | Skirmisher |
| 16:22 | Crear | Skirmisher |
| 16:35 | Crear | Villager (Male) |
| 16:35 | Construir | Farm |
| 16:49 | Crear | Villager (Male) |
| 17:13 | Construir | Stable |
| 17:17 | Crear | Skirmisher |
| 17:18 | Crear | Skirmisher |
| 17:20 | Construir | House |
| 17:29 | Construir | House |
| 17:35 | Investigar | Padded Archer Armor |
| 17:38 | Crear | Villager (Male) |
| 17:39 | Crear | Skirmisher |
| 17:46 | Construir | Farm |
| 18:24 | Crear | Villager (Male) |
| 18:33 | Construir | Stable |
| 18:35 | Construir | Farm |
| 18:38 | Construir | Farm |
| 18:39 | Construir | Farm |
| 18:45 | Crear | Scout Cavalry |
| 18:45 | Crear | Scout Cavalry |
| 19:05 | Crear | Villager (Male) |
| 19:08 | Construir | Mill |
| 19:09 | Construir | Farm |
| 19:09 | Construir | Farm |
| 19:20 | Construir | Farm |
| 19:24 | Construir | Farm |
| 19:25 | Crear | Villager (Male) |
| 19:31 | Construir | House |
| 19:57 | Construir | Farm |
| 20:07 | Investigar | Castle Age |
| 20:18 | Crear | Scout Cavalry |
| 20:19 | Construir | House |
| 20:34 | Crear | Skirmisher |
| 20:34 | Crear | Skirmisher |
| 20:42 | Construir | Farm |
| 20:43 | Construir | Farm |
| 20:43 | Construir | Farm |
| 20:46 | Crear | Skirmisher |
| 20:48 | Crear | Scout Cavalry |
| 20:51 | Construir | House |
| 20:52 | Construir | House |
| 21:15 | Construir | Mill |
| 21:17 | Construir | Farm |
Build order — Maty
Primeras 150 de 514 acciones detectadas
| 0:01 | Crear | Villager (Male) ×4 |
| 0:02 | Construir | House |
| 0:04 | Construir | House |
| 1:26 | Crear | Villager (Male) |
| 1:26 | Crear | Villager (Male) |
| 2:07 | Crear | Villager (Male) |
| 2:08 | Crear | Villager (Male) |
| 2:08 | Crear | Villager (Male) |
| 2:19 | Construir | Lumber Camp |
| 2:28 | Crear | Villager (Male) |
| 2:28 | Crear | Villager (Male) |
| 2:46 | Crear | Villager (Male) |
| 2:47 | Crear | Villager (Male) |
| 2:57 | Crear | Villager (Male) |
| 2:58 | Crear | Villager (Male) |
| 3:30 | Crear | Villager (Male) |
| 3:30 | Crear | Villager (Male) |
| 4:00 | Construir | House |
| 4:01 | Crear | Villager (Male) |
| 4:02 | Crear | Villager (Male) |
| 4:20 | Crear | Villager (Male) |
| 4:20 | Crear | Villager (Male) |
| 4:30 | Construir | Palisade Wall |
| 4:31 | Construir | Palisade Wall |
| 4:33 | Construir | Palisade Wall |
| 4:43 | Crear | Villager (Male) |
| 4:43 | Crear | Villager (Male) |
| 4:43 | Crear | Villager (Male) |
| 4:50 | Construir | House |
| 5:18 | Construir | Barracks |
| 5:24 | Construir | Barracks |
| 5:37 | Crear | Villager (Male) |
| 5:37 | Crear | Villager (Male) |
| 5:37 | Crear | Villager (Male) |
| 6:13 | Construir | Mill |
| 6:18 | Crear | Villager (Male) |
| 6:21 | Crear | Militia |
| 6:21 | Crear | Militia |
| 6:22 | Crear | Militia |
| 6:42 | Construir | House |
| 6:50 | Crear | Militia |
| 6:50 | Crear | Militia |
| 6:50 | Crear | Militia |
| 6:50 | Crear | Militia |
| 7:35 | Construir | Mill |
| 7:37 | Crear | Villager (Male) |
| 7:50 | Construir | Palisade Wall |
| 7:53 | Investigar | Loom |
| 8:16 | Construir | Palisade Wall |
| 8:27 | Crear | Villager (Male) |
| 8:48 | Crear | Villager (Male) |
| 8:55 | Investigar | Feudal Age |
| 8:55 | Investigar | Feudal Age |
| 9:14 | Construir | Palisade Wall |
| 9:18 | Construir | Lumber Camp |
| 9:24 | Construir | Palisade Wall |
| 10:48 | Construir | Palisade Wall |
| 10:50 | Construir | Palisade Wall |
| 11:02 | Construir | House |
| 11:05 | Edad | Edad Feudal |
| 11:11 | Crear | Spearman |
| 11:15 | Construir | Palisade Wall |
| 11:16 | Construir | Palisade Wall |
| 11:30 | Crear | Villager (Male) |
| 11:30 | Crear | Villager (Male) |
| 11:35 | Investigar | Double-Bit Axe |
| 11:35 | Investigar | Double-Bit Axe |
| 11:36 | Investigar | Horse Collar |
| 11:42 | Construir | Mining Camp |
| 11:47 | Construir | Farm |
| 11:48 | Construir | Farm |
| 11:54 | Crear | Villager (Male) |
| 11:59 | Construir | Farm |
| 12:19 | Construir | Mining Camp |
| 12:21 | Crear | Villager (Male) |
| 12:23 | Construir | Farm |
| 12:25 | Construir | Farm |
| 12:27 | Construir | Farm |
| 12:38 | Construir | Farm |
| 12:48 | Crear | Villager (Male) |
| 12:51 | Construir | Farm |
| 12:53 | Crear | Villager (Male) |
| 13:28 | Crear | Villager (Male) |
| 13:29 | Construir | Archery Range |
| 13:44 | Crear | Villager (Male) |
| 13:50 | Construir | House |
| 14:07 | Construir | Palisade Gate |
| 14:11 | Construir | Farm |
| 14:15 | Construir | House |
| 14:18 | Crear | Skirmisher |
| 14:18 | Crear | Skirmisher |
| 14:23 | Investigar | Man-at-Arms (upgrade) |
| 14:25 | Crear | Villager (Male) |
| 14:31 | Construir | House |
| 14:32 | Construir | House |
| 14:35 | Construir | Palisade Wall |
| 14:46 | Crear | Villager (Male) |
| 15:01 | Crear | Skirmisher |
| 15:03 | Crear | Villager (Male) |
| 15:05 | Construir | Farm |
| 15:16 | Crear | Militia |
| 15:20 | Construir | Farm |
| 15:21 | Crear | Villager (Male) |
| 15:33 | Construir | Farm |
| 15:41 | Crear | Skirmisher |
| 15:41 | Crear | Skirmisher |
| 15:53 | Crear | Villager (Male) |
| 16:27 | Construir | Blacksmith |
| 16:32 | Crear | Skirmisher |
| 16:33 | Crear | Skirmisher |
| 16:34 | Crear | Villager (Male) |
| 16:34 | Crear | Villager (Male) |
| 16:38 | Construir | Farm |
| 16:54 | Construir | Palisade Wall |
| 16:57 | Construir | Palisade Wall |
| 17:05 | Construir | Farm |
| 17:12 | Construir | Farm |
| 17:18 | Investigar | Fletching |
| 17:23 | Crear | Skirmisher |
| 17:25 | Crear | Villager (Male) |
| 17:28 | Construir | Farm |
| 17:44 | Construir | Farm |
| 18:19 | Crear | Villager (Male) |
| 18:19 | Crear | Villager (Male) |
| 18:23 | Construir | Farm |
| 18:41 | Crear | Skirmisher |
| 18:41 | Crear | Skirmisher |
| 19:01 | Investigar | Padded Archer Armor |
| 19:10 | Construir | Market |
| 19:17 | Construir | Farm |
| 19:32 | Investigar | Castle Age |
| 19:32 | Investigar | Castle Age |
| 19:38 | Crear | Spearman |
| 20:11 | Crear | Skirmisher |
| 20:11 | Crear | Skirmisher |
| 20:37 | Construir | Archery Range |
| 20:52 | Crear | Militia |
| 20:53 | Crear | Militia |
| 21:00 | Construir | Lumber Camp |
| 21:03 | Investigar | Gold Mining |
| 21:16 | Crear | Skirmisher |
| 21:18 | Investigar | Scale Mail Armor |
| 21:33 | Crear | Skirmisher |
| 21:34 | Crear | Skirmisher |
| 21:35 | Crear | Skirmisher |
| 21:35 | Crear | Skirmisher |
| 21:47 | Construir | House |
| 21:48 | Construir | House |
| 21:49 | Construir | House |
| 21:58 | Crear | Militia |
Cronología de la partida
| 4:30 | Maty · wall_segment Palisade Wall x1 |
| 4:31 | Maty · wall_segment Palisade Wall x1 |
| 4:33 | Maty · wall_segment Palisade Wall x1 |
| 5:18 | Maty · first_building Barracks |
| 6:16 | Buchi · first_building Barracks |
| 7:50 | Maty · wall_segment Palisade Wall x11 |
| 7:54 | Buchi · wall_segment Palisade Wall x2 |
| 7:55 | Buchi · wall_segment Palisade Wall x2 |
| 7:55 | Buchi · wall_segment Palisade Wall x2 |
| 7:55 | Buchi · wall_segment Palisade Wall x1 |
| 8:13 | Buchi · wall_segment Palisade Wall x1 |
| 8:14 | Buchi · wall_segment Palisade Wall x1 |
| 8:16 | Maty · wall_segment Palisade Wall x12 |
| 8:16 | Buchi · wall_segment Palisade Wall x1 |
| 8:19 | Buchi · wall_segment Palisade Wall x1 |
| 8:20 | Buchi · wall_segment Palisade Wall x1 |
| 8:21 | Buchi · wall_segment Palisade Wall x1 |
| 8:21 | Buchi · wall_segment Palisade Wall x2 |
| 8:21 | Buchi · wall_segment Palisade Wall x1 |
| 8:22 | Buchi · wall_segment Palisade Wall x1 |
| 8:22 | Buchi · wall_segment Palisade Wall x1 |
| 8:32 | Buchi · wall_segment Palisade Wall x3 |
| 9:14 | Maty · wall_segment Palisade Wall x10 |
| 9:24 | Maty · wall_segment Palisade Wall x8 |
| 9:25 | Buchi · age_up feudal |
| 10:04 | Buchi · first_building Archery Range |
| 10:48 | Maty · wall_segment Palisade Wall x1 |
| 10:50 | Maty · wall_segment Palisade Wall x1 |
| 11:05 | Maty · age_up feudal |
| 11:15 | Maty · wall_segment Palisade Wall x1 |
| 11:16 | Maty · wall_segment Palisade Wall x1 |
| 12:10 | Buchi · wall_segment Palisade Wall x1 |
| 12:11 | Buchi · wall_segment Palisade Wall x1 |
| 12:14 | Buchi · wall_segment Palisade Wall x1 |
| 12:17 | Buchi · wall_segment Palisade Wall x1 |
| 13:29 | Maty · first_building Archery Range |
| 14:35 | Maty · wall_segment Palisade Wall x10 |
| 14:42 | Buchi · wall_segment Palisade Wall x3 |
| 14:43 | Buchi · wall_segment Palisade Wall x8 |
| 16:54 | Maty · wall_segment Palisade Wall x5 |
| 16:57 | Maty · wall_segment Palisade Wall x3 |
| 17:13 | Buchi · first_building Stable |
| 22:12 | Maty · age_up castle |
| 22:47 | Buchi · age_up castle |
| 23:23 | Buchi · first_market_sell 100 food |
| 24:58 | Maty · first_building Monastery |
| 27:46 | Buchi · first_market_buy 100 wood |
| 31:16 | Maty · wall_segment Stone Wall x6 |
| 31:52 | Maty · first_building Stable |
| 33:34 | Maty · wall_segment Stone Wall x1 |
| 34:04 | Buchi · first_building Castle |
| 35:09 | Buchi · first_building Monastery |
| 35:38 | Maty · first_building Castle |
| 37:03 | Maty · first_market_buy 100 food |
| 38:56 | Buchi · age_up imperial |
| 40:37 | Maty · wall_segment Stone Wall x1 |
| 40:38 | Maty · wall_segment Stone Wall x1 |
| 40:39 | Maty · wall_segment Stone Wall x1 |
| 40:46 | Maty · age_up imperial |
| 42:15 | Maty · wall_segment Stone Wall x1 |
| 43:04 | Maty · wall_segment Stone Wall x1 |
| 44:46 | Maty · resign |
[ ANÁLISIS IA · 1 CRÉDITO ]
¿Qué pasó realmente en esta partida?
Wolo.gg analiza cada decisión: build order, eco, micro, errores típicos por bracket. Análisis personalizado por WhatsApp o Discord en 30 segundos.
Guía civ
Polacos
Perfil
Buchi